 Dungeon Crawl Stone Soup version 0.18.1-48-g4cf74bf (webtiles) character file.

779 MTVSty1e the Shield-Bearer (level 7, -4/44 HPs)
             Began as a Gargoyle Fighter on Aug 7, 2016.
             Slain by a gnoll
             ... wielding a +0 halberd
              (7 damage)
             ... on level 4 of the Dungeon on Aug 8, 2016.
             The game lasted 00:12:10 (3586 turns).

MTVSty1e the Shield-Bearer (Gargoyle Fighter)       Turns: 3586, Time: 00:12:11

Health: -4/44      AC: 17    Str: 19 (21) XL:     7   Next: 85%
Magic:  7/7        EV:  4    Int:  8 (9)  God:
Gold:   203        SH: 10    Dex:  9      Spells: 0 memorised, 6 levels left

rFire  . . .     SeeInvis .     a - +0 flail
rCold  . . .     Gourm    .     j - +0 plate armour
rNeg   + . .     Faith    .     c - +1 shield
rPois  ∞         Spirit   .     (no helmet)
rElec  +         Dismiss  .     (no cloak)
rCorr  .         Reflect  .     (no gloves)
SustAt .         Harm     .     (no boots)
MR     .....                    (no amulet)
Stlth  ..........               (no ring)
                                (no ring)

@: not resistant to hostile enchantments, extremely unstealthy
A: deterioration 1, negative energy resistance 1, electricity resistance,
unbreathing, petrification resistance, rot immunity, AC +4
a: no special abilities


You were on level 4 of the Dungeon.
You were hungry.

You visited 1 branch of the dungeon, and saw 4 of its levels.

You collected 203 gold pieces.

Inventory:

Hand Weapons
 a - a +0 flail (weapon)
 d - a +3 whip
 m - a +1 great mace of crushing
Armour
 b - a +0 scale mail
 c - a +1 shield (worn)
 j - a +0 plate armour (worn)
Books
 l - a book of the Earth

   Spells                             Type                      Level
   a - Leda's Liquefaction            Hexes/Earth                  4
   b - Bolt of Magma                  Conjuration/Fire/Earth       5
   c - Statue Form                    Transmutation/Earth          6
   d - Iron Shot                      Conjuration/Earth            6
   e - Shatter                        Earth                        9
 p - Jessica's Disquisition on Dark Rites
   (You found it on level 3 of the Dungeon)

   Spells                             Type                      Level
   a - Corpse Rot                     Necromancy                   2
Comestibles
 f - a bread ration
 n - a meat ration


   Skills:
 * Level 5.2 Fighting
 * Level 4.8 Maces & Flails
 + Level 5.3 Armour
 + Level 1.5 Dodging
 + Level 5.5 Shields


You had 6 spell levels left.
You didn't know any spells.

Dungeon Overview and Level Annotations

Branches:
Dungeon (4/15)
 Temple: D:4-7

Altars:
Nemelex Xobeh
Qazlal


Innate Abilities, Weirdness & Mutations

You are resistant to torment.
Your stone body is resilient (AC +4).
You are immune to poison.
You resist negative energy.
You are resistant to electric shocks.
You can survive without breathing.
You are immune to petrification.
You are immune to rotting.
Your body sometimes deteriorates upon taking damage.


Message History

Okay, then.
Your plate armour prevents you from hitting the gnoll.
The gnoll is heavily wounded.
You block the gnoll's attack. The gnoll hits you but does no damage.
Your plate armour prevents you from hitting the gnoll.
The gnoll is heavily wounded.
You block the gnoll's attack. x2
You hit the gnoll.
The gnoll is severely wounded.
The gnoll hits you but does no damage. You block the gnoll's attack.
You hit the gnoll but do no damage.
The gnoll is severely wounded.
The gnoll hits you but does no damage. You block the gnoll's attack.
You barely miss the gnoll.
The gnoll is severely wounded.
You block the gnoll's attack.
You barely miss the gnoll.
The gnoll is severely wounded.
You block the gnoll's attack. The gnoll hits you with a halberd!
You die...

#############
.......ggggg#
........gg#@#
....[...gg#.#
......:...#$#
#########+###


You could see 9 gnolls.

Vanquished Creatures
  The ghost of Elystan the Chucker, an amateur TrHu (D:3)
  An ice beast (D:3)
  A phantom (D:4)
  An ogre (D:4)
  A gnoll sergeant (D:4)
  2 gnoll shamans (D:4)
  An orc priest (D:4)
  Jessica (D:3)
  Ijyb (D:3)
  6 gnolls
  3 adders
  A worm (D:2)
  A dart slug (D:1)
  3 giant geckos
  6 orcs
  4 giant cockroaches
  10 goblins
  7 hobgoblins
  9 kobolds
  3 quokkas
  7 bats
  A giant newt (D:1)
  7 rats
78 creatures vanquished.

Notes
Turn   | Place    | Note
--------------------------------------------------------------
     0 | D:1      | MTVSty1e the Gargoyle Fighter began the quest for the Orb.
     0 | D:1      | Reached XP level 1. HP: 14/14 MP: 1/1
   115 | D:1      | Reached XP level 2. HP: 19/19 MP: 2/2
   474 | D:1      | Reached XP level 3. HP: 24/24 MP: 3/3
  1678 | D:3      | Reached skill level 1 in Dodging
  1678 | D:3      | Reached XP level 4. HP: 21/29 MP: 4/4
  1696 | D:3      | Noticed an ice beast
  1711 | D:3      | Killed an ice beast
  1711 | D:3      | Reached XP level 5. HP: 24/34 MP: 5/5
  1713 | D:3      | Found a stormy altar of Qazlal.
  1802 | D:3      | Noticed Elystan's ghost (amateur TrHu)
  1828 | D:3      | Killed Elystan's ghost
  1828 | D:3      | Reached XP level 6. HP: 13/39 MP: 6/6
  2043 | D:3      | Found a faded altar to an unknown god.
  2164 | D:3      | Noticed Ijyb
  2178 | D:3      | Killed Ijyb
  2215 | D:3      | Found a sparkling altar of Nemelex Xobeh.
  2498 | D:3      | Noticed Jessica
  2515 | D:3      | Killed Jessica
  2677 | D:3      | Identified Jessica's Disquisition on Dark Rites
  2772 | D:4      | Gained mutation: You evolve. [potion of mutation]
  2772 | D:4      | Gained mutation: You are partially covered in slimy green scales (AC +2). [potion of mutation]
  2775 | D:4      | Reached skill level 5 in Fighting
  2775 | D:4      | Reached skill level 5 in Armour
  2775 | D:4      | Reached XP level 7. HP: 20/44 MP: 7/7
  2789 | D:4      | Lost mutation: You evolve. [potion of cure mutation]
  2789 | D:4      | Lost mutation: You are partially covered in slimy green scales (AC +2). [potion of cure mutation]
  3274 | D:4      | Gained mutation: You have a pair of small antennae on your head. [potion of mutation]
  3274 | D:4      | Lost mutation: You have a pair of small antennae on your head. [potion of mutation]
  3274 | D:4      | Gained mutation: Your body sometimes deteriorates upon taking damage. [potion of mutation]
  3410 | D:4      | Reached skill level 5 in Shields
  3580 | D:4      | HP: 2/44 [gnoll/halberd (4)]
  3586 | D:4      | Slain by a gnoll

Skill      XL: |  1  2  3  4  5  6  7 |
---------------+----------------------+-----
Dodging        | 1 |  1.5
Fighting       | 4 5 |  5.2
Shields        | 4 5 |  5.5
Maces & Flails | 3 4 |  4.8
Armour         | 4 5 |  5.3

Action                   |  1- 3 |  4- 6 |  7- 9 || total
-------------------------+-------+-------+-------++-------
Melee: Flail             |   171 |   138 |   138 ||   447
  Use: Scroll            |     5 |       |     1 ||     6
       Potion            |       |     5 |     7 ||    12
  Eat: Bread ration      |     1 |     1 |       ||     2
Armor: Scale mail        |    78 |       |       ||    78
       Plate armour      |    40 |    77 |    98 ||   215
Dodge: Dodged            |    50 |    22 |    32 ||   104
Block: Shield            |   107 |    67 |   128 ||   302
